 Dungeon Crawl Stone Soup version 0.24-a0-584-g9d6b971ae4 (webtiles) character file.

Game seed: 15935563371704430868, levelgen mode: deterministic

220 Gynju the Poker (level 5, -3/42 HPs)
             Began as a Merfolk Abyssal Knight on Sept 2, 2019.
             Was a Believer of Lugonu.
             Killed from afar by Natasha (5 damage)
             ... with a puff of flame
             ... on level 3 of the Dungeon.
             The game lasted 00:07:08 (3004 turns).

Gynju the Poker (Merfolk Abyssal Knight)            Turns: 3004, Time: 00:07:09

Health: -3/42      AC:  4    Str: 14    XL:     5   Next: 97%
Magic:  7/7        EV: 14    Int: 11    God:    Lugonu [**....]
Gold:   175        SH:  0    Dex: 13    Spells: 4/4 levels left

rFire    . . .     SeeInvis .   a - +4 trident
rCold    . . .     Gourm    +   (no shield)
rNeg     . . .     Faith    .   b - +1 leather armour
rPois    .         Spirit   .   (no helmet)
rElec    .         Reflect  .   (no cloak)
rCorr    .         Harm     .   (no gloves)
MR       .....                  (no boots)
Stlth    +.........             h - amulet of the gourmand
HPRegen  0.14/turn              d - +1 ring of evasion
MPRegen  0.10/turn              (no ring)

@: no status effects
A: change form in water, swift swim, stealthy swim
a: Depart the Abyss, Bend Space, Renounce Religion


You were on level 3 of the Dungeon.
You worshipped Lugonu.
Lugonu was pleased with you.
You were full.

You visited 1 branch of the dungeon, and saw 3 of its levels.
You visited the Abyss 1 time.

You collected 175 gold pieces.

Inventory:

Hand Weapons
 a - a +4 trident (weapon)
Armour
 b - a +1 leather armour (worn)
Jewellery
 d - a +1 ring of evasion (left hand)
 h - an amulet of the gourmand (around neck)
Scrolls
 f - a scroll of remove curse
 g - a scroll of enchant armour
 o - 3 scrolls of blinking
Potions
 i - 3 potions of brilliance
 j - a potion of agility {unknown}
 k - a potion of haste {unknown}
 q - a potion of heal wounds {unknown}
 r - 2 potions of degeneration {unknown}
 t - a potion of flight {unknown}
 u - a potion of curing {unknown}
Comestibles
 c - 5 rations


   Skills:
 + Level 4.1 Fighting
 * Level 5.4 Polearms
 + Level 1.7 Armour
 + Level 4.1 Dodging
 + Level 3.1 Invocations


You had 4 spell levels left.
You didn't know any spells.
Your spell library was empty.

Dungeon Overview and Level Annotations

Branches:
Dungeon (3/15)

Altars:

Annotations:
D:3 Natasha


Message History

You are too injured to fight recklessly!
You are too injured to fight recklessly!
You barely miss Natasha.
Natasha is heavily wounded.
Natasha zaps a wand.
The puff of flame hits you!
* * * LOW HITPOINT WARNING * * *
You miss Natasha.
Natasha is heavily wounded.
Natasha zaps a wand.
The puff of flame hits you.
* * * LOW HITPOINT WARNING * * *
You closely miss Natasha.
Natasha is heavily wounded.
Natasha mumbles some strange words.
You closely miss Natasha.
Natasha is heavily wounded.
Natasha misses you.
You miss Natasha.
Natasha is moderately wounded.
Natasha zaps a wand.
The puff of flame hits you.
You die...

*......................,,,,,,,,,
*########..................,,,,,
#..............##.....,,,,,
******#.###.................,,,,,
,,,,,..,* #..........#....$.,,,,,
,,,,.,,**##<................,,,,*
,,,,,,,*#...................*****
,,,,,........>..5......#...#* *,
,,,,...........h@.......(#******,
,,,,...................###***,,,<
,,,,..#................# *,,,***
,,,,.,#................###*,**,,,
******#....................,,,,**
#........$..รท....##.#******
##.......>........(.# ****
##.................##****,,,
##....................,,*,,**


You could see Natasha and a crimson imp.

Vanquished Creatures
  Natasha (twice) (D:3)
  8 adders
  An ooze (D:2)
  5 worms
  4 dart slugs
  A leopard gecko (D:2)
  4 orcs
  A ball python (D:1)
  6 bats
  5 giant cockroaches
  6 goblins
  5 hobgoblins
  10 kobolds
  8 frilled lizards
  8 rats
74 creatures vanquished.

Notes
Turn   | Place    | Note
-------+----------+-------------------------------------------
     0 | Abyss:1  | Gynju the Merfolk Abyssal Knight began the quest for the
                  | Orb.
     0 | Abyss:1  | Reached XP level 1. HP: 18/18 MP: 2/2
    79 | Abyss:2  | Noticed a wretched star
    81 | D:1      | Escaped the Abyss
   285 | D:1      | Reached * piety under Lugonu
   294 | D:1      | Reached XP level 2. HP: 23/24 MP: 3/3
   554 | D:1      | Reached skill level 1 in Armour
   557 | D:1      | Reached XP level 3. HP: 23/29 MP: 4/4
   956 | D:2      | Reached skill level 4 in Polearms
  1134 | D:2      | Reached XP level 4. HP: 37/37 MP: 5/5
  1582 | D:2      | Reached ** piety under Lugonu
  2123 | D:3      | Reached XP level 5. HP: 42/42 MP: 7/7
  2470 | D:3      | Reached skill level 5 in Polearms
  2954 | D:3      | Noticed Natasha
  2962 | D:3      | Killed Natasha
  2975 | D:3      | Noticed Natasha
  2984 | D:3      | Killed Natasha
  2994 | D:3      | Noticed Natasha
  3001 | D:3      | HP: 1/42 [Natasha/puff of flame (6)]
  3004 | D:3      | Killed from afar by Natasha

Levels and vault maps discovered:
D:1:      dpeg_arrival_circle_labyrinth_a, layout_basic
D:2:      layout_basic, first_ration, hex_medium, minmay_divided_ellipse
D:3:      layout_rooms, uniq_natasha

Skill      XL: |  1  2  3  4  5 |
---------------+----------------+-----
Dodging        | 3 4 |  4.1
Armour         | 1 |  1.7
Polearms       | 4 5 |  5.4
Fighting       | 4 |  4.1
Invocations    | 3 |  3.1

Action                   |  1- 3 |  4- 6 || total
-------------------------+-------+-------++-------
Melee: Trident           |    94 |   150 ||   244
Invok: Depart the Abyss  |     1 |       ||     1
  Use: Scroll            |       |     8 ||     8
  Eat: Chunk             |     1 |    10 ||    11
Armor: Leather armour    |    18 |    32 ||    50
Dodge: Dodged            |    59 |   102 ||   161

Table legend:
 A = Non-vault XP
 B = Vault XP
 C = Vault XP percentage of total XP
 D = Non-vault monster count
 E = Vault monster count
 F = Vault count percentage of total count
                 A         B        C        D         E       F
            +---------+---------+-------+---------+---------+-------
      Total |     250 |      65 |  20.6 |      62 |      12 |  16.2
            +---------+---------+-------+---------+---------+-------
        D:1 |      50 |       0 |   0.0 |      25 |       0 |   0.0
        D:2 |      92 |      30 |  24.6 |      25 |      11 |  30.6
        D:3 |     108 |      35 |  24.5 |      12 |       1 |   7.7
            +---------+---------+-------+---------+---------+-------
